 Dungeon Sprint DCSS version 0.27.1-4-g1640c2035a (webtiles) character file.

Game seed: 8984575426245133191

160 boopmooplesden the Protected (level 5, 0/53 HPs)
             Began as a Minotaur Fighter on Nov 10, 2021.
             Was a Follower of Okawaru.
             Slain by a wight (16 damage)
             ... in the Dungeon (Sprint VII: "The Pits").
             The game lasted 00:00:43 (366 turns).

boopmooplesden the Protected (Minotaur Fighter)      Turns: 366, Time: 00:00:45

Health: 0/53       AC:  8    Str: 21    XL:     5   Next: 17%
Magic:  4/4        EV:  8    Int:  5    God:    Okawaru [*.....]
Gold:   0          SH: 10    Dex: 10    Spells: 4/4 levels left

rFire    . . .     SeeInvis .   k - +2 falchion (pain)
rCold    . . .     Faith    .   c - +0 kite shield
rNeg     . . .     Spirit   .   b - +0 scale mail
rPois    .         Reflect  .   (helmet restricted)
rElec    .         Harm     .   (no cloak)
rCorr    .         Rampage  .   (no gloves)
Will     .....     NoTele   +   (no boots)
Stlth    ..........             (no amulet)
HPRegen  0.17/turn              (no ring)
MPRegen  0.09/turn              (no ring)

@: no status effects
A: horns 2, retaliatory headbutt
a: Renounce Religion, Heroism


You were in the Dungeon.
You worshipped Okawaru.
Okawaru was aware of your devotion.
You visited 1 branch

Inventory:

Hand Weapons
 a - a +0 long sword
 k - a +2 falchion of pain (weapon)
Armour
 b - a +0 scale mail (worn)
 c - a +0 kite shield (worn)
Scrolls
 j - a scroll of blinking
 m - 5 scrolls of amnesia
 n - a scroll of summoning
Potions
 d - a potion of might
 e - a potion of curing
 f - a potion of heal wounds
 g - a potion of haste
 h - 4 potions of magic
 i - 3 potions of berserk rage
 l - 2 potions of invisibility


   Skills:
 + Level 8.0 Fighting
 + Level 4.5 Long Blades
 + Level 8.0 Armour
 + Level 0.7 Dodging
 + Level 0.2 Stealth
 + Level 7.2 Shields


You had 4 spell levels left.
You didn't know any spells.
Your spell library was empty.

Dungeon Overview and Level Annotations

Branches:
Dungeon (1/1)

Altars:
Ashenzari
Cheibriados
Dithmenos
Elyvilon
Fedhas
Gozag
Hepliaklqana
Kikubaaqudgha
Makhleb
Nemelex Xobeh
Okawaru
Qazlal
Ru
Sif Muna
Trog
Uskayaw
Vehumet
Wu Jian
Xom
Yredelemnul
Zin
The Shining One
Beogh
Jiyva
Lugonu


Innate Abilities, Weirdness & Mutations

You have a pair of horns on your head.
You reflexively headbutt those who attack you in melee.


Message History

You block the wight's attack.
You closely miss the wight.
The wight is heavily damaged.
You block the wight's attack.
You hit the wight but do no damage. Your headbutt misses the wight.
The wight is heavily damaged.
You block the wight's attack. x2
You hit the wight.
The wight is severely damaged.
You block the wight's attack.
You hit the wight.
You destroy the wight!
Okawaru accepts your kill.
Your life force feels restored.
Your Fighting skill increases to level 8!
Your Armour skill increases to level 8!
Your Shields skill increases to level 7!
You have reached level 5!
You hit the wight but do no damage. Your headbutt misses the wight.
You block the wight's attack.
Your shield prevents you from hitting the wight.
Your headbutt misses the wight.
The wight hits you with a +1 battleaxe of freezing!
The wight freezes you.
The wight hits you with a +1 battleaxe of freezing!
The wight freezes you.
* * * LOW HITPOINT WARNING * * *
You hit the wight.
The wight is moderately damaged.
The wight completely misses you.
You hit the wight but do no damage.
The wight is moderately damaged.
The wight hits you but does no damage.
You hit the wight.
The wight is severely damaged.
You block the wight's attack.
You barely miss the wight. Your headbutt misses the wight.
The wight is severely damaged.
The wight hits you with a +1 battleaxe of freezing!
You die...

############
#_________.#
#_________.#
#_______...#########
##########'##.......
#.?(.')))'.##......#
##########.##.......
#..@zrzg....'.......
#+#####'#####......#
#.)#).# #.......
#..'..# ####'###
#.z#### #.......
#r.# # #....... #..#
.# #.......
##r#..#+###...<...
#..z.g...##.......


You could see 2 wights, a gnoll and a river rat.

Vanquished Creatures
  A floating eye (D)
  A wight (D)
  A gnoll (D)
  An adder (D)
  An orc (D)
  A quokka (D)
  A rat (D)
7 creatures vanquished.

Notes
Turn   | Place    | Note
-------+----------+-------------------------------------------
     0 | D        | boopmooplesden the Minotaur Fighter began the quest for the
                  | Orb.
     0 | D        | Reached XP level 1. HP: 19/19 MP: 0/0
    43 | D        | Found a glowing golden altar of the Shining One.
    43 | D        | Found a glowing silver altar of Zin.
    43 | D        | Found a basalt altar of Yredelemnul.
    43 | D        | Found a shimmering altar of Xom.
    43 | D        | Found an ornate altar of the Wu Jian Council.
    43 | D        | Found a bloodstained altar of Trog.
    43 | D        | Found a shimmering blue altar of Sif Muna.
    43 | D        | Found a sacrificial altar of Ru.
    43 | D        | Found a stormy altar of Qazlal.
    43 | D        | Found an iron altar of Okawaru.
    43 | D        | Found a sparkling altar of Nemelex Xobeh.
    43 | D        | Found a burning altar of Makhleb.
    43 | D        | Found a viscous altar of Jiyva.
    43 | D        | Found a hazy altar of Hepliaklqana.
    43 | D        | Found an opulent altar of Gozag.
    43 | D        | Found a blossoming altar of Fedhas.
    43 | D        | Found a white marble altar of Elyvilon.
    43 | D        | Found a shadowy altar of Dithmenos.
    43 | D        | Found a snail-covered altar of Cheibriados.
    45 | D        | Found a corrupted altar of Lugonu.
    45 | D        | Found a radiant altar of Vehumet.
    46 | D        | Found an ancient bone altar of Kikubaaqudgha.
    46 | D        | Found a hide-covered altar of Uskayaw.
    46 | D        | Found a broken altar of Ashenzari.
    50 | D        | Became a worshipper of Warmaster Okawaru
    66 | D        | Reached XP level 2. HP: 23/28 MP: 1/1
    67 | D        | Noticed a floating eye
    69 | D        | Paralysed by a floating eye for 4 turns
    74 | D        | Killed a floating eye
    74 | D        | Reached * piety under Okawaru
    75 | D        | Reached XP level 3. HP: 8/39 MP: 2/2
    75 | D        | Reached XP level 4. HP: 9/47 MP: 3/3
   361 | D        | Reached XP level 5. HP: 45/53 MP: 4/4
   366 | D        | Slain by a wight

Illustrated notes

Levels and vault maps discovered:
D:        pitsprint [storerooms_1, entrance_room_1, metal_vault_3, armoury_3,
          mini_pit_1, grid_room_1, main_hall_1, silver_pit, the_coven_3,
          the_vestibule_1, steel_vault_4, golden_pit, hallway_of_sentries,
          crystal_vault_1, iron_vault_1, final_vault]

Skill      XL: |  1  2  3  4 |
---------------+-------------+-----
Fighting       | 4 7 8 |  8.0
Armour         | 4 7 8 |  8.0
Shields        | 4 6 7 |  7.2
Long Blades    | 4 |  4.5
Dodging        | |  0.7
Stealth        | |  0.2

Action                   |  1- 3 |  4- 6 || total
-------------------------+-------+-------++-------
Melee: Long sword        |     3 |       ||     3
       Falchion          |     5 |    22 ||    27
       Headbutt          |       |     3 ||     3
Armor: Scale mail        |    10 |     6 ||    16
Dodge: Dodged            |     5 |     3 ||     8
Block: Kite shield       |     7 |    14 ||    21
       Rpst.: Falchion   |     2 |     1 ||     3
